Map: Coda LE

Players

phWinter (Winter) - Winner!

  • Race: Zerg Zerg
  • Spawn Location: 11:00

llllllllllll

  • Race: Zerg Zerg
  • Spawn Location: 5:00

Event: LycanGTV LotV Beta Tournament 1

VOD

Have the link to the VOD?

Description

Time

  • Played on: April 2, 2015, 12:51 p.m.
  • Length: 20:02

All games in this series

Show
View Real Time Build Order
Export as new Build Order

phWinter Zerg - Winner!

Build Orders: Pool First 

Get SALT Encoding   

  12  0:01  Drone  
  13  0:09  Drone  
  14  0:17  Overlord  
  14  0:28  Extractor  
  13  0:29  Drone x2, Extractor  
  16  0:36  Drone  
  17  0:49  Spawning Pool  
  16  0:50  Drone  
  16  0:55  Drone  
  18  1:06  Extractor  
  18  1:07  Drone, Extractor  
  17  1:17  Drone  
  18  1:27  Overlord  
  18  1:37  Queen  
  18  1:38  Roach Warren  
  19  1:45  Drone  
  20  1:50  Drone  
  21  1:59  Overlord  
  21  2:14  Burrow  
  21  2:18  Roach  
  21  2:21  Roach  
  25  2:32  Roach  
  27  2:45  Roach  
  27  2:47  Overlord  
  27  2:48  Roach x3  
  35  2:55  Roach  
  35  3:15  Roach  
  37  3:23  Roach x5  
  43  3:41  Roach  
  45  3:50  Roach x3  
  45  3:53  Overlord  
  43  4:03  Roach x3  
  41  4:21  Hatchery  
  41  4:23  Roach x2  
  41  4:24  Roach x2  
  46  4:32  Drone x2  
  46  4:33  Drone  
  49  4:41  Drone  
  49  4:43  Drone  
  51  4:45  Roach x3  
  51  4:48  Roach  
  51  5:01  Drone  
  51  5:02  Drone x2  
  51  5:03  Lair, Overlord  
  50  5:08  Roach x3  
  50  5:17  Drone x3  
  51  5:27  Evolution Chamber  
  50  5:32  Roach  
  50  5:36  Drone x3  
  50  5:37  Drone  
  50  5:48  Roach x3  
  54  5:52  Queen  
  52  5:58  Zerg Missile Weapons Level 1  
  52  6:01  Glial Reconstitution  
  52  6:04  Roach  
  52  6:07  Roach  
  52  6:10  Roach  
  58  6:13  Roach  
  58  6:15  Roach  
  58  6:18  Drone  
  63  6:20  Drone  
  63  6:22  Drone  
  63  6:24  Overlord  
  65  6:29  Ravager  
  66  6:34  Overlord, Drone  
  67  6:47  Hatchery  
  67  6:49  Overlord  
  66  6:55  Roach  
  66  6:56  Roach x2  
  66  6:59  Roach  
  74  7:01  Drone x2  
  74  7:05  Overlord  
  76  7:10  Overlord  
  76  7:19  Overseer  
  76  7:30  Drone x2  
  76  7:32  Roach x6  
  76  7:36  Roach x2  
  94  7:44  Roach x3  
  94  7:49  Overlord x2  
  91  7:54  Roach x4  
  91  8:05  Drone  
  91  8:06  Drone x4  
  91  8:08  Queen  
  91  8:11  Roach x5  
  98  8:21  Roach  
  98  8:22  Roach x5  
  98  8:24  Drone  
  111  8:28  Roach x3  
  111  8:29  Roach x4  
  111  8:30  Roach  
  111  8:35  Drone x3  
  111  8:38  Drone x2, Extractor  
  111  8:40  Extractor  
  112  8:45  Overlord  
  112  8:50  Roach x5  
  120  8:56  Overlord  
  120  8:59  Drone  
  120  9:00  Drone x2  
  119  9:04  Drone x2  
  119  9:09  Drone x3  
  124  9:15  Roach x6  
  132  9:25  Zerg Missile Weapons Level 2  
  132  9:28  Drone x3  
  132  9:30  Extractor  
  132  9:34  Roach x2  
  132  9:35  Roach x27  
  134  9:39  Roach x2  
  134  9:40  Overlord  
  134  9:41  Overlord x2  
  138  9:53  Evolution Chamber  
  138  9:58  Drone  
  136  10:01  Drone x5  
  136  10:03  Roach x3  
  136  10:04  Extractor  
  136  10:05  Hatchery  
  145  10:11  Roach x4  
  153  10:15  Pneumatized Carapace  
  153  10:17  Spore Crawler  
  153  10:20  Spine Crawler  
  151  10:21  Spine Crawler  
  151  10:23  Overseer  
  150  10:29  Roach, Zerg Ground Armor Level 1  
  150  10:30  Roach  
  150  10:35  Spore Crawler  
  147  10:37  Spore Crawler  
  147  10:38  Spine Crawler  
  147  10:40  Spine Crawler  
  142  10:47  Roach x3  
  142  10:48  Roach  
  150  10:51  Drone, Roach  
  150  10:52  Drone x3  
  150  10:54  Drone  
  155  10:58  Roach x6  
  155  11:07  Roach x2  
  155  11:08  Hydralisk Den, Roach x2  
  155  11:09  Overlord  
  162  11:19  Overlord x2  
  160  11:32  Roach x8  
  173  11:41  Drone x2  
  173  11:42  Drone x5  
  179  11:51  Spore Crawler  
  179  11:52  Spine Crawler x2  
  176  11:55  Roach x3  
  182  12:07  Ravager x6  
  182  12:08  Ravager x4  
  192  12:11  Overlord x2  
  192  12:22  Overlord  
  190  12:24  Roach  
  190  12:25  Zerg Ground Armor Level 2  
  190  12:28  Muscular Augments  
  164  12:56  Roach x8  
  164  12:57  Roach x9  
  172  13:17  Roach x3  
  172  13:18  Roach x6  
  166  13:29  Roach x3  
  166  13:30  Roach x5  
  171  13:36  Roach x2  
  171  13:39  Roach x34  
  175  13:41  Hydralisk  
  175  13:45  Extractor  
  176  13:51  Roach x3  
  182  13:56  Roach x2  
  182  14:02  Roach x2  
  190  14:10  Roach x7  
  190  14:27  Roach x3  
  190  14:28  Roach x2  
  198  14:33  Roach x6  
  194  14:39  Roach x2  
  194  14:40  Roach  
  194  14:43  Hatchery  
  199  14:46  Spire  
  198  14:57  Roach x2  
  198  14:58  Roach x3  
  192  15:10  Roach x7  
  199  15:17  Drone x4  
  200  15:27  Extractor  
  199  15:32  Spine Crawler  
  199  15:33  Roach x10  
  199  15:34  Spine Crawler  
  169  16:12  Roach  
  169  16:13  Roach x15  
  124  16:25  Roach  
  124  16:26  Roach x13  
  124  16:32  Zerg Flyer Weapons Level 1  
  134  16:35  Extractor  
  134  16:36  Spore Crawler, Spine Crawler, Extractor  
  128  16:40  Drone x2  
  128  16:41  Drone x4  
  128  16:42  Roach x2  
  128  16:44  Roach x6  
  134  16:50  Roach x3  
  134  16:51  Roach  
  134  16:54  Roach x2  
  146  16:59  Drone x3  
  146  17:00  Drone x2  
  148  17:07  Roach x8  
  148  17:08  Roach  
  166  17:13  Roach x4  
  172  17:25  Roach x5  
  176  17:32  Roach x6  
  176  17:34  Roach x4  
  182  17:43  Roach x3  
  188  17:52  Roach x4  
  188  17:58  Roach x6  
  196  18:12  Drone  
  196  18:13  Drone x6  
  196  18:16  Roach x3  
  196  18:27  Drone  
  196  18:28  Drone x4  
  177  19:08  Mutalisk  
  177  19:09  Mutalisk x13  
  131  19:10  Roach x7  
  131  19:11  Roach x6  
  131  19:15  Roach x12  
  151  19:23  Roach x5  
  157  19:28  Roach x2  
  157  19:29  Roach x2  
  165  19:33  Roach x3  
  169  19:42  Roach  
  169  19:43  Roach x5  
Show
View Real Time Build Order
Export as new Build Order

llllllllllll Zerg 

Build Orders: Hatch First 

Get SALT Encoding   

  12  0:01  Drone  
  13  0:13  Overlord  
  13  0:18  Drone  
  14  0:31  Drone x2  
  16  0:41  Drone  
  17  0:48  Drone  
  18  0:55  Hatchery  
  17  0:59  Drone  
  17  1:03  Extractor  
  17  1:09  Drone  
  18  1:16  Spawning Pool  
  17  1:19  Drone  
  18  1:30  Drone  
  19  1:40  Overlord  
  19  1:52  Drone  
  20  2:02  Drone, Queen  
  20  2:03  Metabolic Boost  
  23  2:09  Queen  
  23  2:10  Zergling x2  
  26  2:17  Spine Crawler  
  26  2:22  Zergling x6  
  28  2:34  Zergling x4  
  30  2:38  Queen  
  32  2:46  Overlord  
  32  2:50  Drone x2  
  34  3:09  Zergling x6  
  36  3:13  Zergling x10  
  39  3:20  Zergling x2  
  39  3:21  Zergling x2  
  40  3:29  Drone  
  40  3:32  Spore Crawler  
  40  3:43  Zergling x2  
  40  3:44  Zergling x6  
  44  3:54  Spore Crawler  
  42  3:57  Zergling x2  
  42  3:58  Zergling x2  
  42  4:12  Drone x2  
  42  4:13  Lair  
  42  4:20  Drone  
  42  4:21  Spore Crawler  
  42  4:29  Drone x2  
  44  4:40  Overlord  
  44  4:42  Roach Warren  
  43  4:46  Overlord, Drone  
  43  4:48  Spine Crawler  
  43  5:01  Drone  
  43  5:02  Drone x4  
  48  5:16  Overseer  
  48  5:24  Roach  
  48  5:25  Roach x4  
  57  5:28  Overseer  
  56  5:40  Drone x3  
  56  5:41  Glial Reconstitution  
  59  5:53  Drone  
  59  5:54  Overlord x2  
  60  5:59  Burrow  
  60  6:09  Overlord  
  60  6:13  Ravager x2  
  60  6:15  Drone x6  
  68  6:25  Drone x2  
  70  6:30  Hatchery, Extractor  
  68  6:34  Overlord, Drone  
  68  6:35  Drone  
  70  6:44  Ravager  
  71  6:49  Drone  
  71  6:50  Drone x3  
  71  6:51  Extractor  
  71  6:52  Drone x3, Extractor  
  75  7:11  Drone  
  75  7:12  Drone x2  
  75  7:14  Drone  
  81  7:15  Roach  
  81  7:17  Ravager  
  82  7:24  Extractor  
  82  7:26  Extractor  
  80  7:35  Overlord, Roach x5  
  80  7:36  Overlord x2  
  90  7:40  Overlord x2  
  87  7:47  Roach  
  89  7:52  Roach x2  
  91  8:01  Roach  
  91  8:02  Roach  
  78  8:06  Roach  
  78  8:07  Roach  
  82  8:13  Ravager x4  
  82  8:14  Overlord  
  82  8:15  Roach x2  
  90  8:24  Roach  
  90  8:25  Roach x4  
  100  8:28  Queen  
  100  8:29  Drone x2  
  100  8:31  Evolution Chamber  
  102  8:46  Roach x7  
  102  8:47  Roach  
  118  8:49  Drone  
  118  8:50  Drone  
  118  8:53  Overseer  
  118  8:55  Queen  
  120  9:02  Drone x3  
  123  9:17  Roach x3  
  129  9:28  Roach x2  
  129  9:29  Roach x5  
  129  9:30  Drone  
  144  9:39  Drone, Overseer  
  144  9:40  Zerg Missile Weapons Level 1, Drone  
  146  9:56  Overlord, Roach x6  
  146  9:57  Overlord x3  
  146  10:05  Overlord x3  
  146  10:17  Ravager x4  
  146  10:18  Ravager x10  
  146  10:19  Roach  
  146  10:20  Roach x3  
  166  10:22  Overlord x2  
  166  10:23  Overlord, Drone  
  166  10:24  Drone x4  
  166  10:25  Drone  
  172  10:43  Roach x5  
  172  10:47  Hatchery  
  167  10:57  Roach x11  
  167  10:58  Roach  
  189  11:06  Roach x4  
  189  11:11  Roach x5  
  189  11:12  Drone x4  
  189  11:13  Drone  
  189  11:33  Drone x6  
  189  11:35  Roach  
  189  11:36  Roach  
  195  11:44  Roach  
  195  11:45  Roach  
  199  11:48  Overseer  
  199  11:51  Spine Crawler x2  
  199  11:52  Spine Crawler  
  199  11:53  Zerg Missile Weapons Level 2  
  196  11:54  Infestation Pit  
  196  11:56  Evolution Chamber  
  192  12:01  Hatchery  
  192  12:07  Roach x4  
  185  12:09  Roach x7  
  194  12:49  Roach x13  
  182  13:00  Roach x5  
  185  13:18  Roach x5  
  187  13:21  Roach x3  
  172  13:31  Roach x7  
  171  13:35  Hatchery  
  171  13:36  Ravager x12  
  171  13:37  Ravager  
  171  13:38  Zerg Ground Armor Level 1  
  171  13:39  Roach x3  
  189  13:52  Roach  
  189  13:53  Roach x4  
  199  14:04  Pathogen Glands  
  199  14:06  Hive  
  199  14:08  Ravager  
  200  14:11  Extractor  
  199  14:17  Extractor  
  198  14:45  Infestor  
  198  14:48  Overlord  
  189  15:02  Drone x8  
  187  15:17  Infestor x2  
  175  15:21  Drone  
  175  15:22  Drone x4  
  175  15:26  Spine Crawler x2  
  178  15:29  Roach x2  
  178  15:30  Roach x4  
  178  15:33  Pneumatized Carapace  
  178  15:34  Zerg Ground Armor Level 2, Zerg Missile Weapons Level 3  
  190  15:40  Roach x3  
  171  16:13  Roach  
  171  16:14  Roach x7  
  174  16:23  Roach x6  
  158  16:27  Roach x3  
  158  16:36  Roach x2  
  158  16:38  Drone x2  
  158  16:39  Drone, Queen  
  165  16:44  Roach  
  165  16:58  Roach x5  
  171  17:15  Roach x8  
  179  17:16  Roach x3  
  179  17:21  Roach x2  
  181  17:29  Drone  
  179  17:31  Drone x8, Roach x15  
  181  17:56  Drone x2  
  173  18:02  Roach x5  
  175  18:06  Roach x2  
  178  18:14  Drone x3  
  178  18:15  Overseer  
  178  18:19  Queen  
  171  18:25  Hatchery  
  162  18:28  Roach  
  162  18:29  Roach x2  
  168  18:35  Infestor x3  
  168  18:36  Spine Crawler  
  168  18:39  Ravager x11  
  168  18:41  Roach x3  
  181  18:58  Roach x6  
  171  19:09  Roach  
  153  19:10  Roach x2  
  152  19:17  Hatchery  
  152  19:19  Extractor  
  152  19:21  Spine Crawler, Extractor  
  152  19:22  Spine Crawler  
  147  19:29  Drone  
  147  19:34  Overseer  
  147  19:37  Drone x6  
  154  19:47  Hatchery  

Tags
 
Add a new tag
Caveats
  • Supply blocks, unpowered buildings, or Contaminate may cause inaccurate times.
  • Supply counts are checked every 10 seconds.